 Dungeon Crawl Stone Soup version 0.21.1-1-g345015f (webtiles) character file.

595 Goblin1989 the Chopper (level 7, -6/52 HPs)
             Began as a Demonspawn Monk on Feb 12, 2018.
             Was an Initiate of Gozag.
             Splashed by a jelly's acid (8 damage)
             ... on level 5 of the Dungeon on Feb 13, 2018.
             The game lasted 00:13:59 (5606 turns).

Goblin1989 the Chopper (Demonspawn Monk)            Turns: 5606, Time: 00:14:00

Health: -6/52      AC: -5    Str: 13    XL:     7   Next: 16%
Magic:  7/7        EV: 12    Int: 12    God:    Gozag
Gold:   402        SH:  4    Dex: 15    Spells: 6/6 levels left

rFire    + . .     SeeInvis .   Y - +0 war axe
rCold    + . .     Gourm    .   W - +0 buckler
rNeg     . . .     Faith    .   Q - +0 leather armour {rF+}
rPois    .         Spirit   .   (helmet restricted)
rElec    .         Reflect  .   (no cloak)
rCorr    .         Harm     .   t - +0 pair of gloves
MR       .....                  (no boots)
Stlth    ++++......             (no amulet)
HPRegen  0.17/turn              c - ring of protection from cold
MPRegen  0.10/turn              (no ring)

@: corroded
A: horns 1, thin metallic scales 1, nightstalker 2, powered by death 1
a: Potion Petition, Call Merchant, Bribe Branch, Renounce Religion


You were on level 5 of the Dungeon.
You worshipped Gozag.
Gozag was aware of your devotion.
You were not hungry.

You visited 1 branch of the dungeon, and saw 5 of its levels.

You collected 402 gold pieces.

Inventory:

Hand Weapons
 a - a +0 hand axe
 Y - a +0 war axe (weapon)
Armour
 n - a +0 chain mail
 t - a +0 pair of gloves (worn)
 Q - a +0 leather armour of fire resistance (worn)
 U - a +0 scale mail
 W - a +0 buckler (worn)
Jewellery
 c - a ring of protection from cold (left hand)
Wands
 R - a wand of scattershot (6)
Scrolls
 p - 3 scrolls of enchant weapon
 S - a scroll of magic mapping {unknown}
 T - 3 scrolls of teleportation {!r, @r3}
 Z - a scroll of enchant armour {unknown}
Potions
 h - 2 potions of heal wounds {unknown}
 o - a potion of magic
 s - a potion of brilliance
 v - a potion of agility {unknown}
 V - a potion of haste {unknown}
 X - 2 potions of lignification {unknown}
Comestibles
 e - 5 rations


   Skills:
 + Level 3.4 Fighting
 * Level 6.7 Axes
 + Level 1.3 Armour
 + Level 3.2 Dodging
 - Level 1.7 Stealth
 + Level 1.4 Shields


You had 6 spell levels left.
You didn't know any spells.

Dungeon Overview and Level Annotations

Branches:
Dungeon (5/15)
 Temple: D:4-7

Altars:
Gozag
Wu Jian

Annotations:
D:3 Monsterracer's ghost, amateur OpVM


Innate Abilities, Weirdness & Mutations

You have a pair of small horns on your head.
You are partially covered in thin metallic scales. (AC +2)
You are significantly more attuned to the shadows.
You regenerate a little health from kills.


Message History

You hit the gnoll.
You kill the gnoll!
You hit the gnoll. The gnoll hits you with a halberd.
You hit the gnoll but do no damage.
The gnoll is heavily wounded.
The gnoll hits you with a halberd!
The jelly is distracted by the nearby gold.
The jelly quivers.
You take 12 damage, and have 33/52 hp.
MASSIVE DAMAGE!!
You hit the gnoll but do no damage.
The gnoll is heavily wounded.
You slash the jelly!
The jelly is no longer distracted by gold.
Your hands burn!
The gnoll barely misses you. The jelly hits you.
You are splashed with acid!
The acid burns!
* * * LOW HITPOINT WARNING * * *
The gnoll completely misses you.
The jelly is distracted by the nearby gold.
You take 10 damage, and have 23/52 hp.
You regained 2 hp, and now have 25/52 hp.
The gnoll hits you with a halberd.
You take 5 damage, and have 26/52 hp.
You closely miss the gnoll.
The gnoll is heavily wounded.
You block the gnoll's attack.
You hit the gnoll. Your headbutt misses the gnoll.
The gnoll is heavily wounded.
The gnoll closely misses you.
You barely miss the gnoll.
The gnoll is heavily wounded.
The gnoll hits you with a halberd.
* * * LOW HITPOINT WARNING * * *
You take 5 damage, and have 21/52 hp.
You barely miss the gnoll. Your headbutt misses the gnoll.
The gnoll is heavily wounded.
The gnoll hits you with a halberd.
* * * LOW HITPOINT WARNING * * *
You take 2 damage, and have 19/52 hp.
Unknown command.
You hit the gnoll but do no damage. You headbutt the gnoll.
The gnoll is severely wounded.
The gnoll hits you but does no damage.
You slash the gnoll!
You kill the gnoll!
Unknown command.
You start resting.
You now have 377 gold pieces (gained 6).
You see here a halberd.
You now have 383 gold pieces (gained 6).
You now have 391 gold pieces (gained 8).
You now have 396 gold pieces (gained 5).
You see here a club.
You now have 402 gold pieces (gained 6).
You see here a spear.
A shadow imp comes into view.
You see here a scroll labeled BOYN PUQEJI.
You regained 18 hp, and now have 38/52 hp.
Unknown command.
The jelly quivers.
The jelly barely misses you.
You hit the jelly.
Your hands burn!
Your headbutt misses the jelly.
The jelly is lightly wounded.
The jelly hits you but does no damage.
You take 2 damage, and have 37/52 hp.
You slash the jelly! The acid corrodes you!
Your hands burn!
You headbutt the jelly, but do no damage.
The jelly is severely wounded.
You block the jelly's attack. The jelly closely misses you.
You take 2 damage, and have 35/52 hp.
You hit the jelly but do no damage.
Your hands burn!
The jelly is severely wounded.
The jelly hits you. The acid corrodes you!
You are splashed with acid!
The acid burns!
* * * LOW HITPOINT WARNING * * *
You take 13 damage, and have 22/52 hp.
MASSIVE DAMAGE!!
You hit the jelly but do no damage.
Your hands burn!
* * * LOW HITPOINT WARNING * * *
The jelly is severely wounded.
You block the jelly's attack.
You take 4 damage, and have 18/52 hp.
Unknown command.
You barely miss the jelly.
You headbutt the jelly, but do no damage.
The jelly is severely wounded.
The jelly misses you.
Unknown command.
You hit the jelly but do no damage.
Your hands burn!
* * * LOW HITPOINT WARNING * * *
You headbutt the jelly.
The jelly is almost dead.
The jelly hits you.
* * * LOW HITPOINT WARNING * * *
You are splashed with acid!
The acid burns!
* * * LOW HITPOINT WARNING * * *
You take 15 damage, and have 3/52 hp.
MASSIVE DAMAGE!!
The jelly hits you.
* * * LOW HITPOINT WARNING * * *
The acid corrodes you!
You are splashed with acid!
The acid burns!
You die...
Your body crumbles into a pile of gold.

█. █.█ ████..████ ██ ██.█ █.█
.......... ... ..█ █.█
█.███..███. ██.██.█ █.████ █.█
█..█ █. ......███...)█ █.█
█..███. █...........█ █.█ █......
████.████...█████.███.████.
█.█████.█ ██J.██........█
█5....?.█ █@.██.██.█████
█.███████ █..██.██.█ █.█
█).██.██.████████.
████.███████████).██.██..........
..>...............██.███.█...███
████.████........███.███..███.██
█.█ █.████████ █.██...████.██ █.█
█.█ ████████.█.█.█.█ █... █.█ █.█
█..).........█.███.██


You could see a jelly.

Vanquished Creatures
  A phantom (D:5)
  Blork the orc (D:4)
  A howler monkey (D:4)
  A hound (D:4)
  An orc priest (D:3)
  Ijyb (D:5)
  Jessica (D:2)
  3 worker ants
  2 orc wizards (D:4)
  3 adders
  4 gnolls (D:5)
  An ooze (D:2)
  3 dart slugs
  11 orcs
  A ball python (D:1)
  8 bats
  5 giant cockroaches
  8 goblins
  5 hobgoblins
  2 quokkas (D:2)
  9 frilled lizards
  A jackal skeleton (D:5)
  11 kobolds
  7 rats
91 creatures vanquished.

Notes
Turn   | Place    | Note
-------+----------+-------------------------------------------
     0 | D:1      | Goblin1989 the Demonspawn Monk began the quest for the Orb.
     0 | D:1      | Reached XP level 1. HP: 18/18 MP: 1/1
   168 | D:1      | Reached skill level 3 in Axes
   181 | D:1      | Gained mutation: You have a pair of small horns on your head. [demonic ancestry]
   181 | D:1      | Reached XP level 2. HP: 22/24 MP: 2/2
   890 | D:1      | Reached XP level 3. HP: 27/29 MP: 3/3
  1249 | D:2      | Reached skill level 4 in Axes
  1980 | D:2      | Noticed Jessica
  1992 | D:2      | Killed Jessica
  1992 | D:2      | Gained mutation: You are partially covered in thin metallic scales. (AC +2) [demonic ancestry]
  1992 | D:2      | Reached XP level 4. HP: 24/35 MP: 4/4
  2415 | D:3      | Reached skill level 5 in Axes
  2571 | D:3      | Gained mutation: You are slightly more attuned to the shadows. [demonic ancestry]
  2571 | D:3      | Reached XP level 5. HP: 26/41 MP: 5/5
  3868 | D:3      | Found an opulent altar of Gozag.
  3869 | D:3      | Noticed Monsterracer's ghost (amateur OpVM)
  3875 | D:3      | Became a worshipper of Gozag Ym Sagoz the Greedy
  3923 | D:4      | Reached skill level 6 in Axes
  4346 | D:4      | Found an ornate altar of the Wu Jian Council.
  4453 | D:4      | Gained mutation: You regenerate a little health from kills. [demonic ancestry]
  4453 | D:4      | Reached XP level 6. HP: 34/47 MP: 6/6
  4766 | D:4      | Noticed Blork the orc
  4778 | D:4      | Killed Blork the orc
  4856 | D:4      | Reached skill level 1 in Shields
  5112 | D:5      | Entered Level 5 of the Dungeon
  5112 | D:5      | Noticed Ijyb
  5119 | D:5      | Killed Ijyb
  5119 | D:5      | Reached skill level 1 in Armour
  5343 | D:5      | Gained mutation: You are significantly more attuned to the shadows. [demonic ancestry]
  5343 | D:5      | Reached XP level 7. HP: 44/52 MP: 7/7
  5606 | D:5      | HP: 2/52 [jelly (2)]
  5606 | D:5      | Splashed by a jelly's acid

Skill      XL: |  1  2  3  4  5  6 |
---------------+-------------------+-----
Axes           | 3 4 5 6 |  6.7
Dodging        | 3 |  3.2
Shields        | 1 |  1.4
Armour         | 1 |  1.3
Fighting       | |  3.4
Stealth        | |  1.7

Action                   |  1- 3 |  4- 6 |  7- 9 || total
-------------------------+-------+-------+-------++-------
Melee: Hand axe          |   131 |   172 |       ||   303
       Headbutt          |     9 |    42 |     7 ||    58
       War axe           |       |    47 |    24 ||    71
  Use: Scroll            |     3 |     4 |       ||     7
       Potion            |       |     2 |       ||     2
 Stab: Sleeping          |     4 |     3 |       ||     7
       Distracted        |       |     2 |       ||     2
  Eat: Chunk             |     3 |     3 |       ||     6
       Ration            |       |     3 |       ||     3
Armor: Robe              |    21 |    46 |       ||    67
       Leather armour    |       |     4 |     3 ||     7
Dodge: Dodged            |    85 |   145 |    14 ||   244
Block: Buckler           |       |     6 |     6 ||    12

Vault maps used:
D:1:      lemuel_arrival_funnel
D:2:      uniq_jessica
D:3:      led_sif_book, first_ration,
          nicolae_gozag_cash_rules_everything_around_me
D:4:      nicolae_overflow_crystal_walls, grunt_decor_one_mirror, st_stairs_9,
          uniq_blork_the_orc
D:5:      uniq_ijyb
